 Dungeon Crawl Stone Soup version 0.18.1-48-g4cf74bf (webtiles) character file.

459 Drashi the Grave Robber (level 6, 0/42 HPs)
             Began as a Demonspawn Necromancer on Aug 28, 2016.
             Slain by a gnoll
             ... wielding a +0 spear
              (2 damage)
             ... on level 4 of the Dungeon.
             The game lasted 00:21:29 (4768 turns).

Drashi the Grave Robber (Demonspawn Necromancer)    Turns: 4768, Time: 00:21:30

Health: 0/42       AC:  5    Str:  8    XL:     6   Next: 78%
Magic:  7/13       EV:  7    Int: 19    God:
Gold:   151        SH:  0    Dex: 15    Spells: 5 memorised, 1 level left

rFire  . . .     SeeInvis .     h - +3 dagger (vamp)
rCold  . . .     Gourm    .     a - +0 robe
rNeg   . . .     Faith    .     (no shield)
rPois  .         Spirit   .     m - +0 helmet
rElec  .         Dismiss  .     (no cloak)
rCorr  .         Reflect  .     (no gloves)
SustAt .         Harm     .     t - +0 pair of boots
MR     .....                    (no amulet)
Stlth  ++........               (no ring)
                                x - +2 ring of dexterity

@: not resistant to hostile enchantments, unstealthy
A: rugged brown scales 1, rot immunity
a: no special abilities


You were on level 4 of the Dungeon.
You were hungry.

You visited 1 branch of the dungeon, and saw 4 of its levels.

You collected 151 gold pieces.

Inventory:

Hand Weapons
 d - a +0 short sword
 e - a +0 dagger
 h - a +3 vampiric dagger (weapon)
Armour
 a - a +0 robe (worn)
 m - a +0 helmet (worn)
 t - a +0 pair of boots (worn)
Jewellery
 x - a +2 ring of dexterity (left hand)
 y - an uncursed ring of ice
Scrolls
 k - a scroll of random uselessness
 l - 3 scrolls of remove curse {unknown}
 n - 2 scrolls of magic mapping {unknown}
 s - a scroll of teleportation {unknown}
Potions
 c - 2 potions of lignification {unknown}
 g - a potion of mutation {unknown}
 i - 2 potions of heal wounds
 o - a potion of haste
 p - a potion of curing {unknown}
 q - a potion of ambrosia {unknown}
 u - a potion of flight {unknown}
 v - 2 potions of brilliance {unknown}
 w - a potion of agility {unknown}
 A - a potion of resistance {unknown}
Books
 b - a book of Necromancy

   Spells                             Type                      Level
   a - Pain                           Necromancy                   1
   b - Animate Skeleton               Necromancy                   1
   c - Vampiric Draining              Necromancy                   3
   d - Regeneration                   Charms/Necromancy            3
   e - Animate Dead                   Necromancy                   4
   f - Control Undead                 Necromancy                   4
 B - a book of Party Tricks

   Spells                             Type                      Level
   a - Summon Butterflies             Summoning                    1
   b - Apportation                    Translocation                1
   c - Tukima's Dance                 Hexes                        3
   d - Alistair's Intoxication        Transmutation/Poison         5
   e - Invisibility                   Hexes                        6
Comestibles
 f - a slice of pizza
 j - 2 beef jerkies
 r - 3 bread rations
 z - 3 fruits


   Skills:
 - Level 1.7 Dodging
 - Level 1.7 Stealth
 * Level 4.7 Spellcasting
 * Level 7.3 Necromancy


You had one spell level left.
You knew the following spells:

 Your Spells              Type           Power        Failure   Level  Hunger
a - Pain                  Necr           ####         1%          1    None
b - Animate Skeleton      Necr           N/A          1%          1    None
c - Vampiric Draining     Necr           ####......   1%          3    ##.....
d - Animate Dead          Necr           N/A          10%         4    ####...
e - Control Undead        Necr           ####......   10%         4    ####...


Dungeon Overview and Level Annotations

Branches:
Dungeon (4/15)
 Temple: D:4-7

Altars:
Gozag
Ru
Sif Muna
Vehumet
Yredelemnul

Annotations:
D:4 Sigmund


Innate Abilities, Weirdness & Mutations

You are partially covered in rugged brown scales (AC +1, +3% HP).
You are immune to rotting.


Message History

The hound barely misses you. The hound closely misses you.
The hound stops to sniff the ground.
The hound closely misses you.
The gnoll shaman invokes the aid of its god against you.
You resist with some effort. The hound closely misses you.
The hound misses you. The gnoll hits you but does no damage.
The hound bites you but does no damage. The gnoll barely misses you.
The hound closely misses you.
The gnoll hits you from afar with a spear.
* * * LOW HITPOINT WARNING * * *
The hound bites you.
* * * LOW HITPOINT WARNING * * *
The gnoll hits you from afar with a spear!
* * * LOW HITPOINT WARNING * * *
There is a stone staircase leading up here.
The hound barely misses you.
The gnoll hits you from afar with a spear.
You die...

###.###### #.# #........#
#.#######
#.#.####.####.#...... ###
#.#.####........##### o.#
#.#.##........#######
#g########
#.#.##.######..[.....
#.#......## #.#.##.#
#.#######
#.#o#.###.###.g..#.# #.# #
#.....# #..o.g.h@..# #.# #
###.#.###.#.##.....######.#
#
.##.##...#.#####...<......#
# .##.###....# #...########
##### .##.# ####.## ##..##
#.... .##.## ##.###.#.#
#.### .#...## ##...##.# #.#
......## ##.###.# #.###
.......# #.###.###### #....


You could see a gnoll shaman, a hound, a gnoll and an orc.

Vanquished Creatures
  A centaur skeleton (D:4)
  Ijyb (D:1)
  Natasha (D:1)
  A worker ant (D:4)
  11 gnolls
  5 adders
  2 river rats (D:3)
  2 oozes
  A worm (D:2)
  6 giant geckos
  3 orcs (D:3)
  3 ball pythons
  8 giant cockroaches
  10 goblins
  11 hobgoblins
  9 jackals (D:3)
  2 quokkas
  6 bats
  5 giant newts
  7 kobolds
  4 rats
99 creatures vanquished.

Vanquished Creatures (collateral kills)
  An orc priest (D:3)
  2 worker ants
  Robin (D:2)
  An adder (D:3)
  A worm (D:3)
  A giant gecko (D:2)
  4 goblins (D:2)
  A hobgoblin (D:2)
  2 bats (D:1)
14 creatures vanquished.

Grand Total: 113 creatures vanquished

Notes
Turn   | Place    | Note
--------------------------------------------------------------
     0 | D:1      | Drashi the Demonspawn Necromancer began the quest for the Orb.
     0 | D:1      | Reached XP level 1. HP: 13/13 MP: 3/3
     3 | D:1      | Learned a level 1 spell: Animate Skeleton
     8 | D:1      | Noticed a hog
     8 | D:1      | Noticed a six-headed hydra
     8 | D:1      | Noticed a salamander
   338 | D:1      | Gained mutation: You are partially covered in rugged brown scales (AC +1, +3% HP). [demonic ancestry]
   338 | D:1      | Reached XP level 2. HP: 12/19 MP: 5/5
   794 | D:2      | Noticed Ijyb
   809 | D:1      | Killed Ijyb
   809 | D:1      | Reached skill level 5 in Necromancy
   809 | D:1      | Reached XP level 3. HP: 24/24 MP: 4/7
  1540 | D:2      | Gained mutation: You are immune to rotting. [demonic ancestry]
  1540 | D:2      | Reached XP level 4. HP: 28/30 MP: 4/8
  1545 | D:2      | Learned a level 3 spell: Vampiric Draining
  1640 | D:2      | Found a basalt altar of Yredelemnul.
  1647 | D:2      | Found an opulent altar of Gozag.
  1660 | D:2      | Noticed Natasha
  1661 | D:2      | Noticed Robin
  1761 | D:1      | Killed Natasha
  1993 | D:2      | Killed Robin
  1993 | D:2      | Reached skill level 6 in Necromancy
  1999 | D:2      | Reached XP level 5. HP: 15/36 MP: 2/10
  2588 | D:3      | Found a sacrificial altar of Ru.
  2791 | D:3      | Learned a level 4 spell: Animate Dead
  3293 | D:3      | Reached XP level 6. HP: 39/42 MP: 9/12
  3589 | D:3      | Found a deep blue altar of Sif Muna.
  3785 | D:3      | Reached skill level 7 in Necromancy
  4123 | D:4      | Learned a level 4 spell: Control Undead
  4313 | D:4      | Noticed Sigmund
  4417 | D:4      | Found a radiant altar of Vehumet.
  4767 | D:4      | HP: 2/42 [gnoll/spear (7)]
  4768 | D:4      | Slain by a gnoll

Skill      XL: |  1  2  3  4  5  6 |
---------------+-------------------+-----
Necromancy     | 5 6 7 |  7.3
Spellcasting   | 3 4 |  4.7
Dodging        | |  1.7
Stealth        | |  1.7

Action                   |  1- 3 |  4- 6 || total
-------------------------+-------+-------++-------
Melee: Short sword       |    30 |       ||    30
       Unarmed           |    13 |       ||    13
       Dagger            |    52 |   297 ||   349
 Cast: Pain              |    15 |    32 ||    47
       Animate Skeleton  |     9 |    27 ||    36
       Vampiric Draining |       |     7 ||     7
       Animate Dead      |       |     5 ||     5
       Control Undead    |       |     3 ||     3
  Use: Scroll            |       |     3 ||     3
       Potion            |       |     1 ||     1
 Stab: Distracted        |     1 |     1 ||     2
       Sleeping          |       |     8 ||     8
  Eat: Bread ration      |     1 |       ||     1
       Chunk             |     2 |    10 ||    12
       Fruit             |       |     1 ||     1
       Pizza             |       |     1 ||     1
Armor: Robe              |    20 |    71 ||    91
Dodge: Dodged            |    53 |   196 ||   249
